Map: Void Thrashing

Players

Becoolcorp

  • Race: Terran Terran
  • Spawn Location: 6:00

NamroodTuo

  • Race: Terran Terran
  • Spawn Location: 9:00

VOD

Have the link to the VOD?

Description

Time

  • Played on: Feb. 8, 2023, 3:01 p.m.
  • Length: 18:34
Show
View Real Time Build Order
Export as new Build Order

Becoolcorp Terran 

Build Orders:  

Get SALT Encoding   

  12  0:15  SCV  
  13  0:32  SCV  
  13  0:33  Refinery  
  14  0:43  Refinery  
  14  0:49  SCV  
  15  1:07  SCV  
  15  1:08  Barracks  
  16  1:24  SCV  
  17  1:41  SCV  
  18  1:58  SCV  
  19  2:15  SCV  
  19  2:17  Barracks Tech Lab  
  20  2:25  Engineering Bay  
  20  2:32  SCV  
  21  2:49  SCV, Factory  
  22  3:06  SCV  
  23  3:23  SCV  
  24  3:40  SCV  
  25  3:57  SCV  
  26  4:14  SCV  
  26  4:16  Elite Marine  
  31  4:31  SCV  
  32  4:45  Hellbat Rangers  
  32  4:47  SCV  
  37  4:59  Factory Tech Lab  
  37  5:04  SCV  
  38  5:28  Command Center  
  38  6:57  SCV  
  39  7:14  SCV  
  39  7:19  Starport  
  40  7:31  SCV  
  40  7:32  SCV  
  42  7:47  Refinery  
  42  7:48  SCV  
  42  7:49  SCV  
  44  8:05  SCV  
  44  8:06  SCV  
  46  8:15  Armory  
  46  8:22  SCV  
  46  8:23  SCV  
  46  8:29  Elite Marine  
  49  8:31  Hellbat Rangers  
  49  8:38  SCV  
  53  8:40  SCV  
  54  9:10  Heavy Siege Tank  
  60  9:32  SCV  
  60  9:34  Refinery  
  61  9:48  SCV  
  62  10:05  SCV  
  63  10:14  Defensive Drone  
  63  10:16  Defensive Drone  
  64  10:39  SCV  
  64  10:41  SCV  
  64  10:44  Terran Infantry Weapons Level 1  
  65  10:50  Laser Targeting System  
  65  10:56  SCV  
  65  10:57  Infernal Pre-Igniter  
  65  10:58  SCV  
  67  11:01  Starport Tech Lab  
  67  11:13  SCV  
  67  11:15  SCV  
  69  11:30  SCV  
  70  11:47  SCV  
  71  11:50  Super Stimpack  
  71  11:57  Ares-Class Targeting System  
  71  12:02  Terran Vehicle and Ship Weapons Level 1  
  71  12:39  Ghost Visor  
  71  12:57  Spider Mines  
  71  12:59  Elite Marine  
  75  13:13  Defensive Drone  
  75  13:16  Griffin Airstrike  
  75  13:20  Suppression Shells  
  75  13:24  Terran Infantry Armor Level 1  
  75  13:32  Defensive Drone  
  75  13:46  Defensive Drone  
  74  14:06  Griffin Airstrike  
  72  14:20  Suppression Shells  
  72  14:32  Hellbat Rangers  
  72  14:35  Hellbat Rangers  
  80  14:42  Terran Vehicle And Ship Armor Level 1  
  96  15:50  EMP Round  
  71  16:04  Structure Armor  
  71  16:11  Griffin Airstrike  
  71  16:28  Strike Goliath  
  73  16:31  Strike Goliath  
  75  16:46  Defensive Drone  
  75  16:49  Defensive Drone  
  75  16:56  Hellbat Rangers  
  75  17:57  Defensive Drone  
  75  18:04  Elite Marine  
Show
View Real Time Build Order
Export as new Build Order

NamroodTuo Terran 

Build Orders:  

Get SALT Encoding   

  12  0:03  SCV  
  13  0:16  SCV  
  14  0:30  SCV  
  14  0:39  Supply Depot  
  15  0:52  SCV  
  16  1:05  SCV  
  17  1:19  SCV  
  18  1:21  Factory  
  18  1:33  SCV  
  19  1:46  SCV  
  20  1:51  Supply Depot  
  20  2:00  SCV  
  21  2:10  Engineering Bay  
  21  2:13  SCV  
  22  2:27  SCV  
  22  2:28  Supply Depot  
  23  2:40  SCV  
  23  2:48  Supply Depot  
  24  2:54  SCV  
  25  3:07  Armory  
  25  3:08  SCV  
  26  3:18  Refinery  
  26  3:21  SCV  
  26  3:22  Refinery  
  26  3:27  Perdition Turret  
  27  3:35  SCV  
  28  3:41  Perdition Turret  
  28  3:48  SCV  
  29  4:02  SCV  
  30  4:15  SCV  
  30  4:16  Perdition Turret  
  31  4:29  SCV  
  32  4:37  Perdition Turret  
  32  4:42  SCV  
  33  4:56  SCV  
  34  5:02  Perdition Turret  
  34  5:08  Perdition Turret  
  34  5:33  Perdition Turret  
  34  5:36  Upgrade Laser Drill Level 1  
  34  6:01  Supply Depot  
  34  6:04  Supply Depot  
  34  6:14  Devastation Turret  
  34  6:16  Devastation Turret  
  34  6:34  SCV, Supply Depot  
  34  6:37  Supply Depot  
  35  6:56  Command Center  
  35  7:10  Spinning Dizzy  
  35  7:13  Spinning Dizzy  
  35  7:31  Perdition Turret  
  35  7:32  SCV  
  35  7:33  Perdition Turret  
  36  8:11  Fire-Suppression Systems  
  36  8:16  SCV  
  37  8:28  Starport  
  37  8:31  Starport, SCV  
  38  8:44  SCV  
  39  8:55  Regenerative Bio-Steel  
  39  8:58  SCV  
  40  9:11  SCV, KMC Auto-Loaders  
  41  9:23  Starport Tech Reactor  
  41  9:24  Starport Tech Reactor  
  41  9:25  SCV  
  41  9:27  Starport  
  42  9:38  SCV  
  43  9:40  Refinery  
  43  9:43  Refinery  
  43  9:52  SCV  
  44  10:06  SCV  
  45  10:19  SCV  
  45  10:25  Advanced Optics  
  46  10:33  SCV, Upgrade Laser Drill Level 2  
  46  10:39  Starport Tech Reactor  
  47  10:40  Structure Armor, Science Vessel x2  
  51  10:53  SCV  
  52  11:06  SCV  
  53  11:20  SCV  
  53  11:24  Science Vessel  
  53  11:25  Wraith x3  
  62  11:33  SCV, Spinning Dizzy  
  62  11:38  Perdition Turret  
  63  11:43  Pulse Amplifier  
  63  11:47  SCV  
  64  11:53  Displacement Field  
  64  12:05  Wraith  
  64  12:07  Wraith  
  68  12:25  Terran Vehicle and Ship Weapons Level 1  
  68  12:52  Perdition Turret x2  
  68  12:53  Perdition Turret  
  68  12:54  Perdition Turret  
  68  13:03  Wraith x4  
  68  13:04  Wraith x2  
  80  13:21  Supply Depot  
  80  13:23  Supply Depot  
  80  13:43  Wraith x4  
  80  13:44  Wraith  
  80  13:48  Supply Depot  
  90  13:55  Supply Depot  
  90  15:05  Terran Vehicle And Ship Armor Level 1  
  90  15:29  Improved Nano-Repair  
  90  15:31  Defensive Matrix  
  90  15:33  Hi-Sec Auto Tracking  
  90  15:37  Supply Depot  
  90  15:53  Supply Depot  
  90  15:54  Science Vessel x3, Wraith  
  90  15:58  Supply Depot  
  94  16:23  Supply Depot  
  70  16:40  Science Vessel x2  
  70  16:41  Science Vessel  
  70  16:42  Wraith x3  
  78  17:22  Wraith x3  
  78  17:28  Wraith  
  84  17:35  Wraith x2  
Tags
 
Commander
NovaSwann
Matchup
Co-op
Replay Pack
Multiplayer
Add a new tag
Caveats
  • Supply blocks, unpowered buildings, or Contaminate may cause inaccurate times.
  • Supply counts are checked every 10 seconds.